 Dungeon Crawl Stone Soup version 0.32-a0-672-gff75c0dad8 (webtiles) character file.

Game seed: 2061235205481242669

147 GeoRichter the Slasher (level 5, -5/38 HPs)
             Began as a Coglin Warper on Mar 10, 2024.
             Slain by an ice beast (14 damage)
             ... on level 3 of the Dungeon.
             The game lasted 00:03:54 (3335 turns).

GeoRichter the Slasher (Coglin Warper)              Turns: 3335, Time: 00:03:54

Health: -5/38      AC:  5    Str: 11    XL:     5   Next: 29%
Magic:  7/7        EV: 11    Int: 12    God:
Gold:   155        SH:  0    Dex: 16    Spells: 7/7 levels left

rFire   . . .        a - +0 falchion {Xiuying}
rCold   . . .        o - +3 dagger {Kaori}
rNeg    . . .        b - +0 leather armour
rPois   .            (no helmet)
rElec   .            q - +1 cloak
rCorr   .            (no gloves)
SInv    .            (no boots)
Will    .....        (amulet unavailable)
Stlth   +            (ring unavailable)
HPRegen 0.26/turn    (ring unavailable)
MPRegen 0.10/turn    (no gizmo)

%: no passive effects
@: revving
A: off-hand wielding, slow wielding, warmup strikes, no jewellery
a: Invent Gizmo


You were on level 3 of the Dungeon.
You visited 1 branch of the dungeon, and saw 4 of its levels.

You collected 155 gold pieces.

Inventory:

Hand Weapons
 a - a +0 falchion (weapon) {Xiuying}
 o - a +3 dagger (offhand) {Kaori}
   (You took it off a goblin on level 2 of the Dungeon)
Missiles
 d - 7 darts of dispersal {!f}
 h - 7 poisoned darts (quivered)
 p - 4 atropa-tipped darts
Armour
 b - a +0 leather armour (worn)
 q - a +1 cloak (worn)
   (You took it off Crazy Yiuf on level 3 of the Dungeon)
Wands
 n - a wand of acid (4)
   (You found it on level 2 of the Dungeon)
Scrolls
 c - 2 scrolls of blinking
 e - a scroll of summoning {unknown}
 j - 3 scrolls of identify {unknown}
 k - a scroll of revelation {unknown}
Potions
 f - 2 potions of ambrosia {unknown}
 g - 3 potions of curing {unknown}
 i - 2 potions of brilliance {unknown}
 l - a potion of invisibility {unknown}
 m - a potion of heal wounds {unknown}


   Skills:
 - Level 2.0 Fighting
 * Level 5.3 Long Blades
 - Level 0.8 Throwing
 - Level 0.8 Armour
 - Level 1.7 Dodging
 - Level 1.7 Spellcasting
 - Level 3.0 Translocations


You had 7 spell levels left.
You didn't know any spells.
Your spell library contained the following spells:

 Spells                   Type           Power      Damage    Failure   Level
 Blink                    Tloc           16%        N/A       16%         2
 Lesser Beckoning         Tloc           16%        N/A       16%         2
 Teleport Other           Tloc           8%         N/A       32%         3
 Slow                     Hex            4%         N/A       36%         1
 Manifold Assault         Tloc           8%         N/A       71%         4
 Confusing Touch          Hex            1%         N/A       73%         3
 Sigil of Binding         Hex            1%         N/A       73%         3
 Vampiric Draining        Necr           1%         2d6       73%         3
 Vhi's Electric Charge    Tloc/Air       8%         N/A       89%         4


Dungeon Overview and Level Annotations

Branches:
Dungeon (4/15) Zot: 20662
 Temple: D:4-7

Altars:
Elyvilon

Shops:
D:2 ?

Annotations:
D:2 Sigmund


Innate Abilities, Weirdness & Mutations

You can wield a second weapon in your off-hand.
It takes a long time for you to wield or remove held weapons.
Your first few attacks do less damage.
You cannot equip rings or amulets.


Message History

You slash the adder with your +0 falchion!
The adder is severely wounded.
You hit the adder but do no damage. The adder closely misses you.
You hit the adder with your +3 dagger.
The adder is almost dead.
You hit the adder with your +0 falchion.
You kill the adder!
No target in view!
You see here a +0 mace.
There is an open door here.
There is a fountain of clear blue water here.
There is a stone staircase leading down here.
You climb downwards.
Found a war axe.
There is a stone staircase leading up here.
Aiming: Corrosive Bolt
Press: ? - help, Shift-Dir - straight line, f - ice beast
Aim: an ice beast (71% to hit)
The bolt of acid hits the ice beast!
The ice beast is moderately wounded.
You hear an angry hiss.
Aiming: Corrosive Bolt
Press: ? - help, Shift-Dir - straight line, f/p - ice beast
Aim: an ice beast (moderately wounded, 71% to hit)
The bolt of acid hits the ice beast!
The acid corrodes the ice beast!
The ice beast is severely wounded.
A ball python comes into view.
The ice beast hits you. The ice beast freezes you!
You climb upwards.
There is a stone staircase leading down here.
You are too injured to fight recklessly!
You are too injured to fight recklessly!
You are too injured to fight recklessly!
Unknown command.
You barely miss the ice beast with your +0 falchion.
The ice beast is severely wounded.
You hit the ice beast with your +3 dagger.
The ice beast hits you. The ice beast freezes you!
* * * LOW HITPOINT WARNING * * *
You barely miss the ice beast with your +0 falchion.
The ice beast is almost dead.
You hit the ice beast with your +3 dagger.
The ice beast closely misses you.
You hit the ice beast with your +3 dagger.
The ice beast is almost dead.
You closely miss the ice beast with your +0 falchion.
The ice beast hits you.
* * * LOW HITPOINT WARNING * * *
The ice beast freezes you!
You die...

.'.......######<#.# #.....## #
##.......###>##.#.# #..####
######'###...#.#.######.# #.#
#)⌠.#..........# #.#
#...##.........####
#.###'.##...##........#####
#.##.#########.............
#....##..Y## #.........####
####+.⌠....⌠.@###.............
#.......##...##...........####
#.......######......#..#......
#......#'†##........#.........
#...÷..#..[#........###.....##
#......#.⌠.#................'.
####......#...#.....######.....##
..........##>##............#.....
##############.........###.#.####


You could see an ice beast (corroded).

Vanquished Creatures
  Crazy Yiuf (D:3)
  6 adders
  3 ribbon worms
  5 dart slugs
  4 ball pythons
  An endoplasm (D:3)
  2 giant cockroaches
  9 goblins
  5 hobgoblins
  3 kobolds
  4 bats
  5 frilled lizards
  4 rats
52 creatures vanquished.

Notes
Turn   | Place    | Note
-------+----------+-------------------------------------------
     0 | D:1      | GeoRichter the Coglin Warper began the quest for the Orb.
     0 | D:1      | Reached XP level 1. HP: 16/16 MP: 3/3
    46 | D:1      | Reached XP level 2. HP: 18/22 MP: 4/4
   215 | D:1      | Reached skill level 3 in Long Blades
   788 | D:2      | Found Oreunn's Magic Scroll Shoppe.
   880 | D:2      | Reached XP level 3. HP: 24/27 MP: 5/5
   985 | D:2      | Noticed Sigmund
  1301 | D:2      | Reached skill level 4 in Long Blades
  1564 | D:2      | Reached XP level 4. HP: 31/33 MP: 6/6
  1824 | D:3      | Found a white marble altar of Elyvilon.
  2480 | D:3      | Found a faded altar of an unknown god.
  2582 | D:3      | Found a runed translucent door.
  2583 | D:3      | Noticed Crazy Yiuf
  3165 | D:3      | Killed Crazy Yiuf
  3166 | D:3      | Reached skill level 5 in Long Blades
  3166 | D:3      | Reached XP level 5. HP: 26/38 MP: 7/7
  3325 | D:4      | Noticed an ice beast
  3335 | D:3      | Slain by an ice beast

Illustrated notes

Levels and vault maps discovered:
D:1:      spicycebolla_arrival_clurvy, layout_basic, minmay_misc_feat_hallway,
          kennysheep_boxes
D:2:      layout_loops_corners, serial_shops, nicolae_shop_advertising_works
          [nicolae_subvault_shop_adworks], uniq_sigmund
D:3:      layout_basic, mainiacjoe_overflow_boulevard,
          ebering_ecumenical_altar_webs, minmay_misc_feat_x, grunt_ministairs_4,
          uniq_crazy_yiuf_cottage
D:4:      layout_rooms, serial_shops, nicolae_shop_peninsula,
          gammafunk_ghost_nasty_kobolds, minmay_ruptured

Skill      XL: |  1  2  3  4 |
---------------+-------------+-----
Long Blades    | 3 4 5 |  5.3
Fighting       | |  2.0
Throwing       | |  0.8
Armour         | |  0.8
Dodging        | |  1.7
Spellcasting   | |  1.7
Translocations | |  3.0

Action                     |  1- 3 |  4- 6 || total
---------------------------+-------+-------++-------
  Melee: Falchion          |    66 |    60 ||   126
         Dagger            |    62 |    56 ||   118
  Throw: Dart              |       |     2 ||     2
  Evoke: Wand              |       |     3 ||     3
   Stab: Sleeping          |     1 |     1 ||     2
 Armour: Leather armour    |    40 |    37 ||    77
  Dodge: Dodged            |    30 |    21 ||    51

Table legend: (Time is in decaauts)
 A = Elapsed time spent in this place.
 B = Non-inter-level travel time spent in this place.
 C = Inter-level travel time spent in this place.
 D = Time resting spent in this place.
 E = Time spent auto-exploring this place.
 F = Levels seen in this place.
 G = Mean time per level.
                   A        B        C        D        E       F      G
               +--------+--------+--------+--------+--------+-----+--------+
         Total |   3337 |   3097 |    240 |      0 |   2571 |   4 |  834.2 |
       Dungeon |   3337 |   3097 |    240 |      0 |   2571 |   4 |  834.2 |
               +--------+--------+--------+--------+--------+-----+--------+

Top non-repeatable levels by time:
     D:3: 1511 daAuts
     D:2: 983 daAuts
     D:1: 830 daAuts
     D:4: 12 daAuts
